 Dungeon Crawl Stone Soup version 0.22.1-1-ga44c0e5 (webtiles) character file.

732 Zephyr the Cudgeler (level 7, -6/70 HPs)
             Began as a Troll Chaos Knight on Oct 31, 2018.
             Mangled by a small abomination (16 damage)
             ... summoned by the capriciousness of Xom
             ... on level 6 of the Dungeon.
             The game lasted 00:14:45 (3306 turns).

Zephyr the Cudgeler (Troll Chaos Knight)            Turns: 3306, Time: 00:14:46

Health: -6/70      AC:  8    Str: 23    XL:     7   Next: 45%
Magic:  6/6        EV:  8    Int:  8    God:    Xom [......]
Gold:   210        SH:  8    Dex:  9    Spells: 6/6 levels left

rFire    . . .     SeeInvis .   a - +0 mace (chaos)
rCold    . . .     Gourm    +   i - +0 shield
rNeg     . . .     Faith    .   b - +2 robe
rPois    .         Spirit   .   (helmet restricted)
rElec    .         Reflect  .   p - +0 cloak
rCorr    .         Harm     .   (gloves unavailable)
MR       .....                  (boots unavailable)
Stlth    +.........             (no amulet)
HPRegen  0.61/turn              (no ring)
MPRegen  0.10/turn              (no ring)

@: no status effects
A: large, unfitting armour, claws 3, fast metabolism 3, gourmand, regeneration
1, shaggy fur 1, tough skin 2
a: Renounce Religion


You were on level 6 of the Dungeon.
You worshipped Xom.
You were a very special plaything of Xom.
You were very full.

You visited 1 branch of the dungeon, and saw 6 of its levels.

You collected 210 gold pieces.

Inventory:

Hand Weapons
 a - a +0 mace of chaos (weapon)
Missiles
 l - 2 tomahawks (quivered)
 o - a throwing net
 y - 6 javelins
Armour
 b - a +2 robe (worn)
 i - a +0 shield (worn)
 p - a +0 cloak (worn)
Jewellery
 t - an uncursed ring of fire {unknown}
 u - an uncursed ring of see invisible {unknown}
Wands
 z - a wand of random effects (28)
Scrolls
 g - a scroll of fog {unknown}
 h - 6 scrolls of identify {unknown}
 j - a scroll of blinking {unknown}
 k - 3 scrolls of remove curse {unknown}
 m - 2 scrolls of random uselessness {unknown}
 n - a scroll of amnesia {unknown}
 r - 4 scrolls of teleportation {unknown}
 v - a scroll of magic mapping {unknown}
Potions
 d - 2 potions of curing {unknown}
 e - a potion of might {unknown}
 f - 2 potions of cancellation
 q - 2 potions of heal wounds {unknown}
 s - a potion of agility {unknown}
 w - 2 potions of flight
Comestibles
 c - 13 rations
 x - 5 chunks of flesh


   Skills:
 + Level 4.2 Fighting
 + Level 6.0 Maces & Flails
 - Level 1.9 Dodging
 + Level 3.0 Shields
 + Level 0.3 Evocations


You had 6 spell levels left.
You didn't know any spells.
Your spell library was empty.

Dungeon Overview and Level Annotations

Branches:
Dungeon (6/15)
 Temple: D:4-7

Altars:
Cheibriados
Dithmenos
Gozag
Kikubaaqudgha
Okawaru
Qazlal
Sif Muna
Uskayaw
Vehumet
Xom
Zin

Shops:
D:5 [


Innate Abilities, Weirdness & Mutations

You are too large for most types of armour.
You have claws for hands.
Your metabolism is lightning-fast.
You like to eat raw meat.
Your natural rate of healing is unusually fast.
You are covered in fur. (AC +1)
You have very tough skin. (AC +2)


Message History

The gnoll misses you.
You see here a quokka corpse.
You hit the gnoll but do no damage. The gnoll hits you with a spear.
The gnoll hits you from afar with a spear.
The small abomination barely misses you. x2
Press: ? - help, v - describe, . - travel
Here: a small abomination (summoned)
The floor.
You barely miss the gnoll. The gnoll hits you with a spear.
You block the gnoll's attack.
You hit the gnoll. You drain the gnoll!
The gnoll is heavily wounded.
The small abomination barely misses you.
The gnoll hits you with a spear. The small abomination hits you!
* * * LOW HITPOINT WARNING * * *
The gnoll hits you from afar with a spear.
* * * LOW HITPOINT WARNING * * *
It was a potion of cancellation.
You feel magically purged. The gnoll hits you but does no damage.
The small abomination hits you!
You die...

...##........#_......#
..........#..#####)##
##........##....##..##### #
#.........# #.....(...# #
#.........# ###._.....#
###§........# ##.._...#
§§§§.r......# #......#
§§§§#####.##########.....)#
§§### #.)†((gg@x##......#
...#### #########xx.......#
......## ###.......#
#...#..## ###........#
#.......########...###..###
##...#.........#.### #...##
####.#.........#.# ###..#
...............#.# #..#
######...........# #..#


You could see 3 small abominations and 2 gnolls.

Vanquished Creatures
  An orc warrior (D:5)
  An ice beast (D:5)
  A centaur (D:6)
  A bullfrog (D:5)
  2 howler monkeys
  An orc priest (D:6)
  3 orc wizards
  An iguana (D:4)
  A centaur skeleton (D:5)
  4 gnolls
  5 adders
  An ooze (D:1)
  A worm (D:2)
  2 dart slugs
  3 leopard geckos
  3 orcs
  10 bats
  5 giant cockroaches
  7 goblins
  4 hobgoblins
  5 jackals
  3 quokkas
  A ball python (D:3)
  7 frilled lizards
  4 kobolds
  3 rats
80 creatures vanquished.

Vanquished Creatures (collateral kills)
  2 orcs (D:4)
2 creatures vanquished.

Vanquished Creatures (others)
  A frilled lizard (D:4)
  2 plants (D:4)
3 creatures vanquished.

Grand Total: 85 creatures vanquished

Notes
Turn   | Place    | Note
-------+----------+-------------------------------------------
     0 | D:1      | Zephyr the Troll Chaos Knight began the quest for the Orb.
     0 | D:1      | Reached XP level 1. HP: 22/22 MP: 0/0
    81 | D:1      | Reached skill level 3 in Maces & Flails
    81 | D:1      | Reached XP level 2. HP: 29/29 MP: 1/1
   298 | D:1      | XOM: harmless Hex miscast
   401 | D:1      | XOM: harmless Hex miscast
   477 | D:2      | Reached XP level 3. HP: 22/36 MP: 2/2
   786 | D:2      | XOM: potion effect (heal wounds)
   788 | D:2      | Reached XP level 4. HP: 32/45 MP: 3/3
   915 | D:2      | Found a glowing silver altar of Zin.
   917 | D:2      | Found a stormy altar of Qazlal.
   917 | D:2      | Found an iron altar of Okawaru.
   919 | D:2      | Found an ancient bone altar of Kikubaaqudgha.
   921 | D:2      | Found an opulent altar of Gozag.
   970 | D:2      | Reached skill level 4 in Maces & Flails
  1173 | D:3      | XOM: silly message
  1211 | D:3      | XOM: polymorph leopard gecko -> jackal
  1236 | D:3      | Found a snail-covered altar of Cheibriados.
  1313 | D:3      | Found a radiant altar of Vehumet.
  1386 | D:3      | Found a hide-covered altar of Uskayaw.
  1391 | D:3      | Reached skill level 1 in Shields
  1400 | D:3      | Found a deep blue altar of Sif Muna.
  1403 | D:3      | Found a shimmering altar of Xom.
  1406 | D:3      | Found a shadowy altar of Dithmenos.
  1496 | D:3      | XOM: summons 2 hostile shadow creatures
  1959 | D:4      | Reached XP level 5. HP: 49/53 MP: 4/4
  2085 | D:4      | XOM: fog
  2090 | D:4      | XOM: cast spell 'Summon Small Mammal'
  2280 | D:4      | XOM: divine lightning
  2624 | D:5      | Entered Level 5 of the Dungeon
  2629 | D:5      | Found the +6 Majin-Bo {vamp, Archmagi MP+6 Int+6}
  2733 | D:5      | Found Ededanun's Armour Shoppe.
  2743 | D:5      | Reached skill level 5 in Maces & Flails
  2743 | D:5      | Reached XP level 6. HP: 33/61 MP: 5/5
  2841 | D:5      | Noticed an ice beast
  2878 | D:5      | Killed an ice beast
  3066 | D:6      | Noticed an orc warrior
  3068 | D:6      | XOM: scenery: create altars
  3074 | D:5      | XOM: confuse monster(s)
  3088 | D:5      | Killed an orc warrior
  3110 | D:5      | Reached XP level 7. HP: 50/68 MP: 6/6
  3264 | D:6      | Found a shadowy altar of Dithmenos.
  3272 | D:6      | XOM: fog
  3294 | D:6      | Reached skill level 6 in Maces & Flails
  3302 | D:6      | XOM: medium Summ miscast
  3306 | D:6      | Mangled by a small abomination

Skill      XL: |  1  2  3  4  5  6  7 |
---------------+----------------------+-----
Maces & Flails | 3 4 5 6 |  6.0
Fighting       | 3 4 |  4.2
Shields        | 1 2 3 |  3.0
Dodging        | |  1.9
Evocations     | |  0.3

Action                   |  1- 3 |  4- 6 |  7- 9 || total
-------------------------+-------+-------+-------++-------
Melee: Mace              |    88 |   172 |    40 ||   300
Evoke: Wand              |       |     4 |       ||     4
  Use: Potion            |       |     1 |     1 ||     2
 Stab: Sleeping          |       |     1 |       ||     1
       Petrifying        |       |     1 |       ||     1
       Paralysed         |       |     1 |       ||     1
       Confused          |       |     1 |       ||     1
  Eat: Chunk             |    13 |    21 |     2 ||    36
Armor: Robe              |    48 |    87 |    17 ||   152
Dodge: Dodged            |    37 |    59 |    13 ||   109
Block: Shield            |    42 |    77 |    18 ||   137
